 Dungeon Crawl Stone Soup version 0.32-a0-918-g0f22ef8 (webtiles) character file.

Game seed: 11756335977987705618

320881 Decysan the Middleweight Champion (level 21, 0/205 HPs)
             Began as a Merfolk Shapeshifter on Apr 8, 2024.
             Was the Champion of Qazlal.
             Slain by a vault guard
             ... wielding a +0 dire flail
              (3 damage)
             ... while paralysed by a dread lich
             ... on level 5 of the Vaults on Apr 10, 2024.
             The game lasted 02:26:45 (36513 turns).

Decysan the Middleweight Champion (MfSh)           Turns: 36513, Time: 02:26:47

Health: 0/205      AC: 41    Str: 22    XL:     21   Next: 51%
Magic:  24/24      EV:  2    Int: 15    God:    Qazlal [******]
Gold:   3727       SH:  0    Dex: 19    Spells: 19/24 levels left

rFire   . .          .
                       - Unarmed
rCold   + . .        (no shield)
rNeg    + + .        k - melded +4 scale mail {rF+}
rPois   ∞            S - +0 hat "Maareasm" {rElec Int+2 Slay+3}
rElec   +            (no cloak)
rCorr   .            (gloves currently unavailable)
SInv    .            (boots currently unavailable)
Will    +....        n - amulet of regeneration
Stlth   +            J - ring "Zeirchoywk" {rC+ rN+ Dex+6}
HPRegen 1.34/turn    D - +4 ring of protection
MPRegen 0.19/turn

%: repel missiles
@: paralysed, statue-form, marked, protected from physical damage
A: slow and powerful, torment resistance 1, boosted hp, (nimble swimmer 2),
mertail
}: 2/15 runes: decaying, gossamer
a: Begin Untransformation, Renounce Religion, Upheaval, Elemental Force,
Disaster Area


You were on level 5 of the Vaults.
You worshipped Qazlal.
Qazlal was exalted by your worship.
You were a living statue of rough stone.
You visited 6 branches of the dungeon, and saw 35 of its levels.
You visited 1 bazaar.
You also visited: Volcano.

You collected 3961 gold pieces.
You spent 234 gold pieces at shops.

Inventory:

Hand Weapons
 h - the +5 scythe "Finisher" {speed, execute}
   (You found it on level 7 of the Dungeon)
Missiles
 g - 4 throwing nets
 q - 78 poisoned darts
 T - 21 curare-tipped darts
Armour
 k - a +4 scale mail of fire resistance (melded)
 S - the +0 hat "Maareasm" (worn) {rElec Int+2 Slay+3}
   (You bought it in a shop in a bazaar)

   Int+2:     It affects your intelligence (+2).
   Slay+3:    It affects your accuracy & damage with ranged weapons and melee
   (+3).
   rElec:     It insulates you from electricity.
Magical Staves
 Y - the staff "Pendulum" {rF+ Str+4 Fire}
   (You took it off a kobold brigand on level 9 of the Dungeon)

   [staff of fire]

   Base accuracy: +5 Base damage: 5 Base attack delay: 1.2 This weapon's minimum
   attack delay (0.6) is reached at skill level 12.
   Str+4:     It affects your strength (+4).
   rF+:       It protects you from fire.
   Fire:      It increases the power of your Fire spells.
   It falls into the 'Staves' category.
   It is a one-handed weapon.
Jewellery
 a - the ring of the Wild Haggis {rC+ Will+ Int+3}
   (You found it on level 2 of the Spider Nest)

   [ring of willpower]

   Int+3:     It affects your intelligence (+3).
   rC+:       It protects you from cold.
   Will+:     It increases your willpower.
 m - a ring of fire
 n - an amulet of regeneration (around neck)
 D - a +4 ring of protection (right fist)
 H - the amulet of Adghysk {Reflect rPois Dex+4 SH+5}
   (You found it on level 7 of the Dungeon)

   [amulet of reflection]

   Reflect:   It reflects blocked missile attacks.
   Dex+4:     It affects your dexterity (+4).
   rPois:     It protects you from poison.
   SH+5:      It affects your SH (+5).
 J - the ring "Zeirchoywk" (left fist) {rC+ rN+ Dex+6}
   (You found it on level 14 of the Dungeon)

   [ring of dexterity]

   Dex+6:     It affects your dexterity (+6).
   rC+:       It protects you from cold.
   rN+:       It protects you from negative energy.
 K - a +6 ring of strength
 Q - a ring of see invisible
 W - a +5 ring of evasion
Talismans
 c - a granite talisman (active)
 d - the serpent talisman of the Writhing Gods {Int+9}
   (You took it off Aizul on level 1 of the Spider Nest)

   [serpent talisman]

   Int+9:     It affects your intelligence (+9).
Wands
 i - a wand of digging (10)
 C - a wand of polymorph (34)
 G - a wand of charming (16)
 I - a wand of flame (53)
 M - a wand of light (17)
 V - a wand of mindburst (3)
 X - a wand of roots (27)
Scrolls
 e - 2 scrolls of summoning {unknown}
 j - 4 scrolls of revelation
 r - 3 scrolls of noise {unknown}
 t - 8 scrolls of enchant armour
 u - 13 scrolls of teleportation
 v - 3 scrolls of fear
 w - 4 scrolls of enchant weapon
 x - 3 scrolls of amnesia
 y - 5 scrolls of fog
 z - 2 scrolls of silence
 P - 3 scrolls of brand weapon
 Z - 5 scrolls of poison
Potions
 b - a potion of lignification
 l - 8 potions of might
 o - 9 potions of curing
 p - 3 potions of heal wounds
 s - 3 potions of berserk rage
 A - 6 potions of enlightenment
 B - 10 potions of mutation
 E - 4 potions of resistance
 F - 5 potions of haste
 L - 3 potions of invisibility
 N - 2 potions of cancellation
 O - 11 potions of brilliance
 R - 4 potions of ambrosia
 U - 3 potions of attraction
Miscellaneous
 f - a phantom mirror (inert)


   Skills:
 * Level 11.8 Fighting
 + Level 1.9 Polearms
 + Level 1.4 Throwing
 + Level 3.0 Armour
 + Level 22.9 Dodging
 + Level 5.4 Stealth
 - Level 3.0 Shields
 O Level 27 Unarmed Combat
 + Level 2.0 Spellcasting
 + Level 1.2 Conjurations
 + Level 1.1 Fire Magic
 + Level 0.2 Invocations
 + Level 0.5 Evocations
 + Level 21.8 Shapeshifting


You had 19 spell levels left.
You knew the following spells:

 Your Spells              Type           Power      Damage    Failure   Level
a - Summon Lightning Spi  Summ/Air       1%         N/A       91%         4
b - Foxfire               Conj/Fire      20%        2x1d5     14%         1

Your spell library contained the following spells:

 Spells                   Type           Power      Damage    Failure   Level
 Sting                    Conj/Alch      12%        1d3       17%         1
 Scorch                   Fire           10%        2d5       21%         2
 Apportation              Tloc           2%         N/A       22%         1
 Necrotise                Necr           4%         1d4       22%         1
 Sandblast                Erth           2%         2d4       22%         1
 Summon Small Mammal      Summ           4%         N/A       22%         1
 Static Discharge         Conj/Air       6%         3-4/arc   26%         2
 Call Imp                 Summ           2%         N/A       32%         2
 Cigotuvi's Dreadful Rot  Necr/Alch/Air  2%         N/A       32%         2
 Ensorcelled Hibernation  Hex/Ice        2%         N/A       32%         2
 Stone Arrow              Conj/Erth      6%         3d7       45%         3
 Volatile Blastmotes      Fire/Tloc      6%         2d10      45%         3
 Mephitic Cloud           Conj/Alch/Air  2%         N/A       50%         3
 Call Canine Familiar     Summ           1%         N/A       54%         3
 Fugue of the Fallen      Necr           1%         N/A       54%         3
 Maxwell's Portable Pile  Tloc           1%         2d(5-13)  54%         3
 Sigil of Binding         Hex            1%         N/A       54%         3
 Tukima's Dance           Hex            1%         N/A       54%         3
 Flame Wave               Conj/Fire      5%         2d5       80%         4
 Brom's Barrelling Bould  Conj/Erth      3%         2d3       86%         4
 Fulminant Prism          Conj/Alch      1%         3d5       86%         4
 Ignite Poison            Fire/Alch      3%         N/A       86%         4
 Iskenderun's Mystic Bla Conj/Tloc 3%             2d3        (+2d1     86%         4
 Sticky Flame             Fire/Alch      3%         2d4       86%         4
 Airstrike                Air            0%         2d(1-17)  91%         4
 Anguish                  Hex/Necr       0%         N/A       91%         4
 Animate Armour           Summ/Erth      2%         N/A       91%         4
 Cause Fear               Hex            0%         N/A       91%         4
 Dimensional Bullseye     Hex/Tloc       0%         N/A       91%         4
 Dispel Undead            Necr           1%         3d6       91%         4
 Martyr's Knell           Necr/Summ      1%         N/A       91%         4
 Iskenderun's Battlesphe  Conj           5%         2d6       98%         5
 Alistair's Intoxication  Alch           0%         N/A       99%         5
 Arcjolt                  Conj/Air       1%         1d11      99%         5
 Freezing Cloud           Conj/Ice/Air   1%         6-21      99%         5
 Lee's Rapid Deconstruct  Erth           0%         3d4*      99%         5
 Summon Forest            Summ/Tloc      0%         N/A       99%         5
 Summon Mana Viper        Hex/Summ       1%         N/A       99%         5
 Bombard                  Conj/Erth      1%         9d1       100%        6
 Plasma Beam              Fire/Air       1%         2x1d11    100%        6
 Starburst                Conj/Fire      2%         6d3       100%        6
 Summon Cactus Giant      Summ           0%         N/A       100%        6
 Enfeeble                 Hex            0%         N/A       100%        7
 Spellforged Servitor     Conj/Summ      1%         N/A       100%        7
 Ignition                 Fire           2%         3d3       100%        8
 Maxwell's Capacitive Co  Air            0%         ∞         100%        8


Dungeon Overview and Level Annotations

Branches:
Dungeon (15/15)            Temple (0/1) D:6            Lair (5/5) D:11
  Swamp (4/4) Lair:3       Spider (4/4) Lair:3        Slime (0/5) Lair:4
    Orc (2/2) D:11            Elf (0/3) Orc:2        Vaults (5/5) D:14
  Crypt (0/3) Vaults:3     Depths (0/4) D:15        Volcano (visited)

Altars:
Dithmenos
Fedhas
Gozag
Kikubaaqudgha
Makhleb
Nemelex Xobeh
Qazlal
Vehumet
Wu Jian
Xom
The Shining One
Jiyva

Shops:
Orc:2 =**=

Annotations:
D:3 1 runed translucent door, Crazy Yiuf
D:12 3 runed translucent doors, Quikido's ghost, journeyman MiWr
D:14 1 runed translucent door
Lair:1 3 runed translucent doors, Huckle's ghost, journeyman FeSh
Lair:2 exclusion: oklob plant


Innate Abilities, Weirdness & Mutations

You are a living statue of rough stone.
Your actions are slow, but your melee attacks are powerful.
You are resistant to unholy torment.
Your maximum health is greatly increased.
Your equipment is partially melded.
You are immune to poison.
((You are very nimble when in or above water. (Stealth+, EV+, Speed+++)))
Your lower body shifts to a powerful aquatic tail in water.


Message History

The vault guard convulses!
The tengu reaver convulses!
The vault guard convulses! x3; The ironbound preserver convulses!
Something touches you but does no damage.
The steelbarb worm is engulfed in poison gas.
The steelbarb worm looks even sicker.
The ironbound preserver is engulfed in poison gas.
The ironbound preserver is poisoned.
The sphinx is engulfed in poison gas.
The sphinx looks as sick as possible!
The sphinx is engulfed in poison gas.
The sphinx looks as sick as possible!
The iron dragon bites you but does no damage.
The iron dragon completely misses you.
The iron dragon tramples you but does no damage.
Something touches you but does no damage.
A war gargoyle comes into view. It is wielding a +0 flail.
The tengu reaver is engulfed in poison gas.
The tengu reaver looks even sicker.
The deep troll is engulfed in poison gas.
The deep troll is poisoned.
The deep troll looks as sick as possible!
The yaktaur captain is engulfed in poison gas.
The yaktaur captain is poisoned.
The vault guard is engulfed in poison gas.
The vault guard looks as sick as possible!
The phantasmal warrior gestures at you.
The phantasmal warrior blinks!
The vault guard is engulfed in poison gas.
The vault guard looks as sick as possible!
The tengu reaver hits you with a +1 great mace of distortion.
* * * LOW HITPOINT WARNING * * *
You feel more protected from physical attacks.
Space warps around you.
* * * LOW HITPOINT WARNING * * *
The tengu reaver pecks you but does no damage.
The tengu reaver claws you but does no damage.
The orc knight is engulfed in poison gas.
The orc knight looks as sick as possible!
The vault guard is engulfed in poison gas.
The vault guard looks as sick as possible!
The vault guard hits you with a +0 dire flail.
You die...

' °○°○§°#§°°☼#
○.§§§§#☼○§§# ○
○.§..§#.°o§# ?§
○.wW#○§☼§#Oc○
○TTTp1§☼§☼c§
#####TpCpo§w°##
§○°○○pDp{p°☼○§☼
§§§§.pQIppp.°°☼
§☼☼°.HpppH1§○○☼
°§§§§9ppQQp§§§§
#####p§pp§.☼§##
°.☼§°°§e☼u°
.§○#§°°§#.☼.
##°°#§○°☼#p..
#○☼#○○§☼# 9.


You could see an iron dragon, an ironbound preserver (poisoned), a Tzitzimitl
(summoned), a white very ugly thing, an Ice Fiend (summoned), a fire giant, 2
sphinxes, 3 vault wardens, 3 tengu reavers, a yaktaur captain (poisoned), 14
vault guards, a steelbarb worm shaped shifter (very poisoned), an orc knight
(extremely poisoned), an ogre mage, 4 deep trolls, 2 war gargoyles, a vault
sentinel (extremely poisoned), a deep elf high priest, a phantasmal warrior, an
ironbound convoker (extremely poisoned), a yaktaur (poisoned), a swamp worm
(very poisoned) and an orc warrior (strong).

Vanquished Creatures
  An ancient lich (Vaults:4)
  Nikola (Spider:4)
  Arachne (Spider:2)
  Jorgrun (D:14)
  The ghost of Jihu the Warrior, an adept MDFi of Qazlal (Spider:2)
  4 sphinxes
  A shadow dragon (Vaults:5)
  Agnes (Spider:4)
  A thorn hunter (Swamp:3)
  Roxanne (D:14)
  A tengu reaver (Vaults:1)
  Aizul (Spider:1)
  6 emperor scorpions (Spider:4)
  Louise (Spider:1)
  2 ghost moths
  A fire giant (Vaults:4)
  16 vault wardens
  2 orc warlords
  19 ironbound preservers
  3 ghouls (Swamp:3)
  4 formless jellyfish
  4 broodmothers
  10 ironbound thunderhulks
  14 dire elephants
  8 bunyips
  Nessos (Lair:4)
  4 eleionomae
  3 war gargoyles
  2 eidola (Vaults:1)
  A crystal guardian (Vaults:1)
  3 ettins
  Snorg (Lair:2)
  A fire dragon (Lair:5)
  8 entropy weavers
  6 yaktaur captains
  8 great orbs of eyes
  6 ghost crabs
  2 ogre magi (Orc:2)
  7 peacekeepers
  18 vault guards
  18 hydras
  A catoblepas (Lair:4)
  10 ironbound frosthearts
  8 boulder beetles
  8 alligators
  Erica (D:9)
  A tengu warrior (D:13)
  11 centaur warriors
  A sphinx skeleton (D:15)
  A radroach (Spider:2)
  5 demonic crawlers
  A titan zombie (Vaults:3)
  14 two-headed ogres
  Urug (D:13)
  A sun demon (Volcano)
  Sonja (D:10)
  A deep elf knight (D:14)
  2 skysharks (Lair:2)
  A storm dragon zombie (D:15)
  5 pharaoh ants
  6 skeletal warriors
  A death drake (Swamp:4)
  A flayed ghost (D:15)
  A fire crab (Lair:5)
  A storm dragon skeleton (Vaults:3)
  25 deep trolls
  5 orb spiders (Spider:4)
  5 goliath frogs
  7 spriggan druids
  2 sun moths
  3 bog bodies
  4 arcanists
  Pikel (D:4)
  13 swamp dragons
  16 ironbound convokers
  A harpy (Vaults:3)
  11 steelbarb worms
  3 necromancers
  16 lindwurms
  5 orc knights
  22 ugly things
  4 orc sorcerers
  7 cyclopes
  A frost giant zombie (Vaults:3)
  21 wolf spiders
  A manticore (D:13)
  4 will-o-the-wisps
  Maurice (Orc:2)
  4 moths of wrath
  4 elephants (Lair:4)
  A kobold blastminer (Orc:2)
  A guardian serpent (Lair:5)
  21 vault sentinels
  3 meliai
  12 black mambas
  7 torpor snails
  3 gargoyles
  16 cane toads
  A rime drake (Lair:3)
  36 yaktaurs
  11 komodo dragons
  4 kobold demonologists
  4 tengu conjurers
  2 freezing wraiths
  17 trolls
  A red devil (Volcano)
  10 tyrant leeches
  13 hornets
  28 tarantellas
  3 blink frogs (Lair:4)
  27 jumping spiders
  8 dream sheep
  An ettin zombie (Vaults:3)
  38 slime creatures
  Sigmund (D:2)
  12 wyverns
  3 shadows
  A human simulacrum (Vaults:3)
  39 yaks
  2 hogs (D:7)
  3 wraiths
  A basilisk (shapeshifter) (D:13)
  17 culicivoras
  8 spriggans
  A human (D:7)
  6 basilisks
  5 steam dragons
  62 redbacks
  A warg (Orc:2)
  17 vampire mosquitoes
  18 swamp worms
  Edmund (D:6)
  29 water moccasins
  An acid dragon (D:9)
  2 hell hounds (Volcano)
  2 ice beasts
  12 swamp drakes
  4 black bears
  A sky beast (D:7)
  A sky beast (shapeshifter) (D:15)
  21 orc warriors
  2 laughing skulls
  31 ogres
  A boggart (Vaults:1)
  A deep troll simulacrum (Vaults:4)
  5 wolves (Lair:2)
  8 centaurs
  3 phantoms (D:5)
  2 lemures (D:4)
  8 kobold brigands
  10 bullfrogs
  5 gnoll sergeants
  3 scorpions
  2 wights (D:7)
  2 wyvern skeletons (D:5)
  19 killer bees
  4 howler monkeys
  An electric eel (Spider:2)
  A crimson imp (D:5)
  3 bullfrog zombies (D:5)
  9 orc priests
  3 bombardier beetles
  A jelly (D:5)
  3 gnoll boudas
  4 hounds
  3 sleepcaps
  Jessica (D:2)
  6 iguanas
  A scorpion zombie (D:5)
  Terence (D:2)
  14 orc wizards
  4 hound zombies (D:5)
  16 gnolls
  2 adders
  A shadow imp (D:4)
  3 white imps
  A dart slug (D:1)
  2 ribbon worms
  71 orcs
  9 endoplasms
  5 giant cockroaches
  4 goblins
  8 hobgoblins
  3 jackals (D:2)
  19 kobolds
  4 quokkas
  6 ball pythons
  6 bats
  A frilled lizard (D:3)
  8 rats
  A butterfly (Swamp:2)
  6 foxfires
1340 creatures vanquished.

Vanquished Creatures (collateral kills)
  A vault guard (Vaults:5)
  A phantasmal warrior (Vaults:5)
  2 orcs (Vaults:5)
4 creatures vanquished.

Vanquished Creatures (others)
  A wolf spider (Spider:2)
  A bloated husk (Swamp:2)
  A troll (D:7)
  20 foxfires
23 creatures vanquished.

Grand Total: 1367 creatures vanquished

Notes
Turn   | Place    | Note
-------+----------+-------------------------------------------
     0 | D:1      | Decysan the Merfolk Shapeshifter began the quest for the
                  | Orb.
     0 | D:1      | Reached XP level 1. HP: 15/15 MP: 1/1
    90 | D:1      | Reached XP level 2. HP: 21/21 MP: 2/2
   228 | D:1      | Reached skill level 4 in Unarmed Combat
   228 | D:1      | Reached XP level 3. HP: 21/26 MP: 3/3
  1001 | D:2      | Noticed Jessica
  1038 | D:2      | Killed Jessica
  1039 | D:2      | Reached XP level 4. HP: 24/32 MP: 4/4
  1108 | D:2      | Noticed Terence
  1120 | D:2      | Killed Terence
  1509 | D:2      | Found a faded altar of an unknown god.
  1531 | D:2      | Noticed Sigmund
  1688 | D:3      | Reached XP level 5. HP: 37/37 MP: 5/5
  1730 | D:3      | Reached skill level 1 in Armour
  1730 | D:3      | Reached skill level 5 in Unarmed Combat
  1967 | D:3      | Found a runed translucent door.
  1968 | D:3      | Noticed Crazy Yiuf
  2069 | D:3      | Found a stormy altar of Qazlal.
  2070 | D:3      | Found a shadowy altar of Dithmenos.
  2291 | D:3      | Found a radiant altar of Vehumet.
  2291 | D:3      | Found a glowing golden altar of the Shining One.
  2293 | D:3      | Found an ornate altar of the Wu Jian Council.
  2328 | D:4      | Noticed a lemure
  2334 | D:4      | Noticed Pikel
  2399 | D:4      | Found an ancient bone altar of Kikubaaqudgha.
  2442 | D:4      | Noticed a black bear
  2623 | D:4      | Noticed a lemure
  2693 | D:4      | Reached skill level 5 in Shapeshifting
  2693 | D:4      | Reached XP level 6. HP: 34/43 MP: 6/6
  2791 | D:3      | Killed a black bear
  2792 | D:3      | Reached skill level 6 in Unarmed Combat
  2940 | D:4      | Killed Pikel
  2941 | D:4      | Reached skill level 7 in Unarmed Combat
  2941 | D:4      | Reached XP level 7. HP: 20/49 MP: 7/7
  3106 | D:4      | Reached skill level 8 in Unarmed Combat
  3106 | D:4      | Reached XP level 8. HP: 56/56 MP: 8/8
  3333 | D:5      | Entered Level 5 of the Dungeon
  3490 | D:5      | Reached skill level 9 in Unarmed Combat
  3702 | D:5      | Reached skill level 10 in Unarmed Combat
  3717 | D:5      | Reached XP level 9. HP: 61/61 MP: 9/9
  3960 | D:5      | Reached skill level 1 in Stealth
  4025 | D:5      | Found a shimmering altar of Xom.
  4025 | D:5      | Found a burning altar of Makhleb.
  4312 | D:3      | Became a worshipper of Qazlal Stormbringer
  4566 | D:6      | Reached skill level 11 in Unarmed Combat
  4678 | D:6      | Found a staircase to the Ecumenical Temple.
  5027 | D:6      | Reached * piety under Qazlal
  5028 | D:6      | Reached skill level 12 in Unarmed Combat
  5054 | D:6      | Noticed Edmund
  5063 | D:6      | Killed Edmund
  5515 | D:2      | Killed Sigmund
  5516 | D:2      | Reached XP level 10. HP: 59/68 MP: 10/10
  6437 | D:7      | Reached skill level 5 in Dodging
  6545 | D:7      | Found the +5 scythe "Finisher" {speed, execute}
  6545 | D:7      | Noticed a two-headed ogre
  6545 | D:7      | Noticed a cyclops
  6545 | D:7      | Noticed a white ugly thing
  6547 | D:7      | Noticed a two-headed ogre
  6558 | D:7      | Reached skill level 13 in Unarmed Combat
  6568 | D:7      | Killed a green ugly thing
  6597 | D:6      | Killed a two-headed ogre
  6839 | D:7      | Killed a cyclops
  6840 | D:7      | Reached skill level 14 in Unarmed Combat
  6902 | D:7      | Identified the amulet of Adghysk {Reflect rPois Dex+4 SH+5}
  7072 | D:7      | Killed a two-headed ogre
  7230 | D:7      | Reached XP level 11. HP: 43/74 MP: 11/11
  7323 | D:7      | Reached skill level 15 in Unarmed Combat
  7415 | D:7      | Reached ** piety under Qazlal
  7428 | D:7      | Noticed a cyclops
  7434 | D:7      | Killed a cyclops
  8718 | D:9      | Noticed Erica
  8729 | D:9      | Killed Erica
  8729 | D:9      | Reached *** piety under Qazlal
  8730 | D:9      | Reached skill level 16 in Unarmed Combat
  8915 | D:9      | Reached skill level 1 in Shields
  8956 | D:9      | Identified the staff "Pendulum" {rF+ Str+4 Fire}
  9091 | D:9      | Noticed a cyan ugly thing
  9093 | D:9      | Noticed a red ugly thing
  9099 | D:9      | Noticed a two-headed ogre
  9121 | D:8      | Killed a cyan ugly thing
  9295 | D:9      | Reached skill level 17 in Unarmed Combat
  9295 | D:9      | Reached XP level 12. HP: 72/81 MP: 12/12
  9428 | D:9      | Killed a two-headed ogre
  9954 | D:9      | Reached skill level 10 in Shapeshifting
 10034 | D:10     | Entered Level 10 of the Dungeon
 10120 | D:10     | Reached **** piety under Qazlal
 10250 | D:10     | Noticed Sonja
 10254 | D:10     | Killed Sonja
 10343 | D:10     | Found a sparkling altar of Nemelex Xobeh.
 10343 | D:10     | Found an opulent altar of Gozag.
 10499 | D:10     | Reached skill level 18 in Unarmed Combat
 10749 | D:11     | Noticed a two-headed ogre
 10753 | D:11     | Killed a two-headed ogre
 10779 | D:11     | Found a staircase to the Orcish Mines.
 10897 | D:11     | Noticed a two-headed ogre
 10909 | D:11     | Killed a two-headed ogre
 10962 | D:11     | Reached ***** piety under Qazlal
 11072 | D:11     | Found a staircase to the Lair.
 11081 | D:11     | Found a flickering gateway to a bazaar.
 11091 | Bazaar   | Entered a bazaar
 11097 | Bazaar   | Found Zeott's Antique Weapon Emporium.
 11111 | Bazaar   | Found Degoan's Antique Weapon Shoppe.
 11126 | Bazaar   | Found Retych's Antique Armour Shoppe.
 11138 | Bazaar   | Found Oxkamisi's Antique Armour Emporium.
 11161 | Bazaar   | Bought a dazzling hat for 234 gold pieces
 11161 | Bazaar   | Identified the +0 hat "Maareasm" {rElec Int+2 Slay+3} (You
                  | bought it in a shop in a bazaar)
 11577 | D:11     | Noticed a two-headed ogre
 11585 | D:11     | Killed a two-headed ogre
 11647 | Lair:1   | Entered Level 1 of the Lair of Beasts
 11665 | Lair:1   | Reached skill level 19 in Unarmed Combat
 11756 | Lair:1   | Reached XP level 13. HP: 87/87 MP: 13/13
 11809 | Lair:1   | Found a runed translucent gate.
 11809 | Lair:1   | Found a runed translucent gate.
 11814 | Lair:1   | Noticed Huckle's ghost (journeyman FeSh)
 11815 | Lair:1   | Found a runed translucent gate.
 13010 | Lair:2   | Found a blossoming altar of Fedhas.
 13094 | Lair:2   | Reached skill level 20 in Unarmed Combat
 13548 | Lair:3   | Noticed Snorg
 13558 | Lair:2   | Killed Snorg
 13637 | Lair:3   | You fall into a shaft and drop 2 floors!
 13637 | Lair:5   | Entered Level 5 of the Lair of Beasts
 13641 | Lair:4   | Found a viscous altar of Jiyva.
 13641 | Lair:4   | Found a staircase to the Slime Pits.
 14294 | Lair:4   | Noticed Nessos
 14301 | Lair:4   | Killed Nessos
 14936 | Lair:5   | Reached XP level 14. HP: 94/94 MP: 14/14
 14967 | Lair:5   | Reached skill level 21 in Unarmed Combat
 15205 | Lair:5   | Reached ****** piety under Qazlal
 15632 | Lair:5   | Reached skill level 22 in Unarmed Combat
 15754 | Lair:5   | Reached skill level 10 in Dodging
 16960 | D:12     | Found a runed translucent gate.
 16960 | D:12     | Noticed Quikido's ghost (journeyman MiWr)
 16961 | D:12     | Found a runed translucent gate.
 16962 | D:12     | Found a runed translucent gate.
 17423 | Orc:1    | Entered Level 1 of the Orcish Mines
 17674 | Orc:1    | Reached XP level 15. HP: 100/100 MP: 15/15
 17710 | Orc:1    | Learned a level 4 spell: Summon Lightning Spire
 17927 | Orc:1    | Got Qimpyirgh's Encyclopedia of the Boiling Point
 18032 | Orc:1    | Found a dark tunnel.
 18123 | Volcano  | Entered a volcano
 18414 | Orc:2    | Entered Level 2 of the Orcish Mines
 18418 | Orc:2    | Reached skill level 23 in Unarmed Combat
 18551 | Orc:2    | Noticed Maurice
 18577 | Orc:2    | Killed Maurice
 18669 | Orc:2    | Found a staircase to the Elven Halls.
 18754 | Orc:2    | Found Niuvoy's Jewellery Shop.
 18757 | Orc:2    | Found Tasoumm's General Store.
 18761 | Orc:2    | Found Qesynkes's Assorted Antiques.
 18770 | Orc:2    | Found Bett's Jewellery Boutique.
 19431 | D:13     | Noticed Urug
 19435 | D:13     | Killed Urug
 19827 | D:14     | Noticed Roxanne
 19846 | D:14     | Killed Roxanne
 19847 | D:14     | Reached skill level 24 in Unarmed Combat
 19864 | D:14     | Noticed Jorgrun
 19961 | D:14     | Killed Jorgrun
 20066 | D:14     | Identified the ring "Zeirchoywk" {rC+ rN+ Dex+6}
 20183 | D:14     | Found a runed translucent door.
 20196 | D:14     | Noticed a frost giant
 20322 | D:14     | Reached XP level 16. HP: 108/108 MP: 16/16
 20381 | D:14     | Got Erhyole's Parchment of Intoxication
 20396 | D:14     | Learned a level 1 spell: Foxfire
 20613 | D:14     | Found a gate to the Vaults.
 20961 | D:15     | Entered Level 15 of the Dungeon
 21763 | D:15     | Reached skill level 25 in Unarmed Combat
 21866 | D:15     | Found a staircase to the Depths.
 23478 | Lair:3   | Found a hole to the Spider Nest.
 23542 | Lair:3   | Found a staircase to the Swamp.
 23798 | Spider:1 | Entered Level 1 of the Spider Nest
 23828 | Spider:1 | Identified the +1 mace of Insufficient Pleasure {spect,
                  | *Corrode rN+ Dex+3}
 24218 | Spider:1 | Reached skill level 5 in Fighting
 24353 | Spider:1 | Reached skill level 26 in Unarmed Combat
 24777 | Spider:1 | Reached XP level 17. HP: 115/115 MP: 17/17
 24891 | Spider:1 | Identified the serpent talisman of the Writhing Gods
                  | {Int+9}
 24891 | Spider:1 | Noticed Aizul
 24901 | Spider:1 | Killed Aizul
 25121 | Spider:1 | Noticed Louise
 25145 | Spider:1 | Killed Louise
 25605 | Spider:2 | Noticed Arachne
 25620 | Spider:2 | Found a runed translucent door.
 25620 | Spider:2 | Noticed Jihu's ghost (adept MDFi)
 26001 | Spider:2 | Killed Arachne
 26060 | Spider:2 | Found the +10 tower shield of Ignorance {rN+ Int-4}
 26088 | Spider:2 | Killed Jihu's ghost
 26089 | Spider:2 | Reached skill level 15 in Shapeshifting
 26094 | Spider:2 | Identified the ring of the Wild Haggis {rC+ Will+ Int+3}
 27060 | Spider:3 | Reached skill level 1 in Polearms
 27340 | Spider:4 | Entered Level 4 of the Spider Nest
 27340 | Spider:4 | Noticed Agnes
 27343 | Spider:4 | Killed Agnes
 27392 | Spider:4 | Reached skill level 27 in Unarmed Combat
 27977 | Spider:4 | Reached skill level 1 in Spellcasting
 27999 | Spider:4 | Noticed Nikola
 28006 | Spider:4 | Killed Nikola
 28043 | Spider:4 | Reached XP level 18. HP: 123/123 MP: 19/19
 28061 | Spider:4 | Reached skill level 1 in Throwing
 28111 | Spider:4 | Got a gossamer rune of Zot
 28125 | Spider:4 | Identified the +0 hat of Huerir {+Blink rC- rN+ Int+3}
 28503 | Swamp:1  | Entered Level 1 of the Swamp
 28545 | Swamp:1  | You fall into a shaft and drop 1 floor!
 28556 | Swamp:2  | Reached skill level 1 in Conjurations
 28562 | Swamp:2  | Reached skill level 15 in Dodging
 28566 | Swamp:2  | Reached skill level 1 in Fire Magic
 28650 | Swamp:2  | Reached skill level 5 in Stealth
 29325 | Swamp:1  | Identified the +1 scimitar of the Final Chapter {freeze,
                  | rElec Int-2 Dex+5 SInv}
 30326 | Swamp:4  | Entered Level 4 of the Swamp
 30657 | Swamp:4  | Reached XP level 19. HP: 133/133 MP: 22/22
 31059 | Swamp:4  | Got a decaying rune of Zot
 31329 | Vaults:1 | Entered Level 1 of the Vaults
 32759 | Vaults:1 | Upgraded the game from 0.32-a0-913-g739538a to
                  | 0.32-a0-918-g0f22ef8
 32952 | Vaults:2 | Reached XP level 20. HP: 145/145 MP: 23/23
 33630 | Vaults:2 | Reached skill level 10 in Fighting
 34056 | Vaults:3 | Found a staircase to the Crypt.
 34277 | Vaults:3 | Identified the +2 ring mail of the Loofah {rElec rF- Str+7
                  | Dex-3}
 35538 | Vaults:4 | Paralysed by a sphinx for 3 turns
 35550 | Vaults:4 | Reached XP level 21. HP: 156/156 MP: 24/24
 35923 | Vaults:4 | Noticed an ancient lich
 35928 | Vaults:4 | Killed an ancient lich
 36437 | Vaults:5 | Entered Level 5 of the Vaults
 36449 | Vaults:5 | Noticed a dread lich
 36508 | Vaults:5 | Paralysed by something for 5 turns
 36513 | Vaults:5 | HP: 7/205 [tengu reaver/+1 great mace of distortion (6)]
 36513 | Vaults:5 | HP: 3/205 [tengu reaver/+1 great mace of distortion (4)]
 36513 | Vaults:5 | Slain by a vault guard

Illustrated notes

Levels and vault maps discovered:
D:1:      spicycebolla_green_bress_n_ham, layout_basic, feat_on_display
D:2:      layout_loops_ring, hellmonk_ecumenical_altar_zigzags, uniq_sigmund,
          uniq_terence, uniq_jessica
D:3:      layout_basic, nicolae_overflow_hidden_temple, uniq_crazy_yiuf_cottage
D:4:      layout_loops_cross, lemuel_round_altar,
          amcnicky_mini_rare_corridor_liquid, uniq_pikel
D:5:      layout_loops_ring, grunt_temple_overflow_champion_of_chaos,
          serial_undead, serial_undead_b, serial_undead_b, serial_undead_f,
          serial_undead_c, serial_undead_e, serial_undead_b, serial_undead_b,
          minmay_misc_feat_cross
D:6:      layout_layer_cave, minmay_temple_entry_sparse_star,
          minmay_fractal_squares_diagonal_5, uniq_edmund
D:7:      minmay_the_grid_octo_tiled_squarecenter
          [minmay_the_grid_octo_checkerflower, minmay_the_grid_octo_toaster,
          minmay_the_grid_octo_fan_narrow, minmay_the_grid_octo_fat_diamond,
          minmay_the_grid_square_5x5_megaprize_open,
          minmay_the_grid_square_5x5_bite, minmay_the_grid_square_5x5_inset,
          minmay_the_grid_square_5x5_beaten_path,
          minmay_the_grid_square_5x5_empty], layout_basic, grunt_livestock,
          minivault_10, minmay_misc_feat_alley
D:8:      layout_loops_ring, item_on_display_a
D:9:      layout_irregular_city, corexii_corridor_pit, nicolae_doodle_vault,
          uniq_erica
D:10:     layout_stronghold, grunt_temple_overflow_opulence, minivault_24,
          uniq_sonja
D:11:     layout_roguey, lair_entry_dummy,
          kennysheep_orc_monster_closet_entryway, serial_shops,
          bzr_entry_customers
D:12:     layout_roguey, gammafunk_ghost_split
D:13:     layout_basic, minmay_tree_intersection, uniq_urug
D:14:     layout_basic, grunt_vaults_entry_fortified, lightli_airlock,
          uniq_jorgrun, uniq_roxanne
D:15:     gammafunk_depths_entry_grave, layout_cave_pools,
          dreamdust_princess_bridge
Lair:1:   layout_chaotic_city, gammafunk_ghost_hydra_chop
Lair:2:   layout_chaotic_city, minivault_11, tgw_fedhas
Lair:3:   layout_misc_corridors, minmay_swamp_entry_worms,
          spider_nest_entry_rubble, uniq_snorg
Lair:4:   wad_woods_settlement, layout_cave_pods, slime_entry_1, uniq_nessos
Lair:5:   wormcave, layout_layer_cave, hangedman_lair_tendril_chambers,
          infiniplex_staircase_pool
Swamp:1:  layout_basic_swamp, nicolae_swamp_little_tower, swamp_pool_4
Swamp:2:  layout_basic_swamp, hangedman_swamp_ruin_wall, swamp_pool_1_2,
          nicolae_swamp_frolicking_bunyips
Swamp:3:  layout_basic_swamp, evilmike_swamp_ruin_rubble_1,
          nicolae_swamp_decorative_isthmus
Swamp:4:  swamp, layout_basic_swamp, infiniplex_staircase_pool_2
Spider:1: layout_chambers, hellmonk_narrow_tunnel, uniq_aizul, uniq_louise
Spider:2: layout_spider_delve, ebering_ghost_reflecting_pool,
          nicolae_spider_spiderdrome, uniq_arachne
Spider:3: layout_spider_delve
Spider:4: grunt_spider_rune_circles, nicolae_spider_jagged_tunnels, uniq_nikola,
          uniq_agnes
Orc:1:    layout_caves, nicolae_volcano_entry_vermiform, library_closet
Orc:2:    st_orc_open, layout_diamond_mine, uniq_maurice
Vaults:1: vaults_room_octagon, nicolae_vaults_shrinking_rooms_2,
          hangedman_vaults_snaps, nicolae_vaults_storage_closets_1,
          nicolae_vaults_stand_back, v_misc_27, vaults_mumra_minichess,
          v_misc_28, vaults_room_stairs_pillars, nicolae_vaults_tetromino_T_1,
          ontoclasm_vaults_twist, layout_vaults_chaotic_city, serial_shops,
          bzr_entry_road
Vaults:2: nicolae_vaults_shrinking_rooms_1, nicolae_vaults_tetromino_Z_2,
          hangedman_vaults_variations, nicolae_vaults_ellipses_ellipsis,
          nicolae_vaults_spaceships, serial_library_hellmonk_open_cross,
          nicolae_vaults_storage_closets_2, v_misc_22,
          nicolae_vaults_double_plus_2, nicolae_vaults_surprise_closet,
          dpeg_vaults_hating_casters, vaults_room_ringed_pool,
          nicolae_vaults_tetromino_L_1, vaults_dpeg_encased_lava,
          layout_vaults_ring
Vaults:3: nicolae_vaults_heist, serial_library_hellmonk_angled_corner,
          vaults_mumra_chevron, nicolae_vaults_diamond_1,
          nicolae_vaults_sightless_eye, hangedman_vaults_impose,
          hangedman_vaults_unwind, v_misc_2,
          nicolae_vaults_offset_grid_hallway_4, vaults_mumra_hexcomb,
          nicolae_vaults_antechamber_and_loot_room, v_misc_32,
          layout_vaults_big_cross, dummy_crypt_entry
Vaults:4: v_misc_3, vaults_room_octagon, nicolae_vaults_trapezoid_1,
          v_alt_pattern_6, nicolae_vaults_tangram_2, nicolae_vaults_turnstiles,
          nicolae_vaults_double_plus_2, hangedman_vaults_slither,
          nicolae_vaults_heart-shaped_vault, nicolae_vaults_sesquioval_fish,
          serial_ice_m, nicolae_vaults_house_1, hangedman_vaults_corner_blocks,
          nicolae_vaults_shipping_containers_5, nicolae_vaults_little_squares_4,
          nicolae_vaults_tetromino_L_1, layout_vaults_omnibox
Vaults:5

Skill      XL: |  1  2  3  4  5  6  7  8  9 10 11 12 13 14 15 16 17 18 19 20 21 |
---------------+----------------------------------------------------------------+-----
Unarmed Combat | 4 5 7 8 10 12 14 17 19 20 22 24 26 27 | 27.0
Dodging        | 3 4 5 6 7 8 10 11 14 17 19 21 22 | 22.9
Armour         | 1 2 3 |  3.0
Shapeshifting  | 5 7 9 10 12 13 14 16 17 19 21 | 21.8
Fighting       | 2 3 4 5 6 7 9 11 | 11.8
Stealth        | 2 3 4 5 |  5.4
Shields        | 1 2 3 |  3.0
Polearms       | 1 |  1.9
Spellcasting   | 1 2 |  2.0
Throwing       | 1 |  1.4
Conjurations   | 1 |  1.2
Fire Magic     | 1 |  1.1
Invocations    | |  0.2
Evocations     | |  0.5

Action                     |  1- 3 |  4- 6 |  7- 9 | 10-12 | 13-15 | 16-18 | 19-21 || total
---------------------------+-------+-------+-------+-------+-------+-------+-------++-------
  Melee: Unarmed           |    74 |   146 |   256 |   617 |   714 |   953 |   732 ||  3492
         Punch             |     1 |     2 |    11 |     1 |       |    81 |   160 ||   256
         Constrict         |       |       |       |    36 |   154 |   103 |       ||   293
         Scythe            |       |       |       |       |       |     4 |       ||     4
         Tailslap          |       |       |       |       |       |     7 |     4 ||    11
  Throw: Throwing net      |       |       |     1 |       |       |       |       ||     1
         Dart              |       |       |       |       |       |     3 |       ||     3
   Cast: Foxfire           |       |       |       |       |       |     9 |     1 ||    10
 Invoke: Upheaval          |       |       |       |       |       |       |     1 ||     1
  Evoke: Wand              |       |       |       |     4 |       |       |     2 ||     6
         Phantom mirror    |       |       |       |       |       |       |     1 ||     1
    Use: Scroll            |       |       |       |    10 |     9 |     7 |    14 ||    40
         Potion            |       |       |       |     2 |     1 |     6 |     1 ||    10
   Stab: Confused          |       |       |       |       |       |       |     1 ||     1
 Armour: Animal skin       |     3 |       |       |       |       |       |       ||     3
         Ring mail         |    27 |     8 |       |       |       |       |       ||    35
         Scale mail        |       |   110 |   149 |     5 |       |       |       ||   264
         Skin              |       |       |       |   261 |   396 |   724 |   507 ||  1888
  Dodge: Dodged            |    45 |    64 |   104 |   352 |   290 |   796 |   757 ||  2408
         Repelled          |       |       |       |     4 |    17 |    59 |    64 ||   144
  Block: Other             |       |       |     2 |    60 |   157 |   305 |   225 ||   749
   Form: Flux              |       |       |       |     1 |       |       |       ||     1
         Serpent           |       |       |       |     1 |     1 |     1 |       ||     3
                           |       |       |       |       |     1 |       |       ||     1
         Statue            |       |       |       |       |       |     1 |       ||     1

Table legend: (Time is in decaauts)
 A = Elapsed time spent in this place.
 B = Non-inter-level travel time spent in this place.
 C = Inter-level travel time spent in this place.
 D = Time resting spent in this place.
 E = Time spent auto-exploring this place.
 F = Levels seen in this place.
 G = Mean time per level.
                   A        B        C        D        E       F      G
               +--------+--------+--------+--------+--------+-----+--------+
         Total |  39264 |  33483 |   5781 |   2064 |  24454 |  37 | 1061.2 |
       Dungeon |  15712 |  13477 |   2235 |    764 |   9875 |  15 | 1047.5 |
          Lair |   6375 |   5200 |   1175 |    124 |   4286 |   5 | 1275.0 |
         Swamp |   3293 |   3038 |    255 |    387 |   2003 |   4 |  823.2 |
   Spider Nest |   5203 |   4429 |    774 |    606 |   2862 |   4 | 1300.8 |
  Orcish Mines |   1114 |    994 |    120 |      0 |    756 |   2 |  557.0 |
        Vaults |   7218 |   5998 |   1220 |    171 |   4464 |   5 | 1443.6 |
        Bazaar |    115 |    115 |      0 |      0 |     57 |   1 |  115.0 |
       Volcano |    231 |    231 |      0 |     12 |    150 |   1 |  231.0 |
               +--------+--------+--------+--------+--------+-----+--------+

Top non-repeatable levels by time:
Vaults:3: 2302 daAuts
Spider:1: 2088 daAuts
  Lair:5: 2062 daAuts
    D:14: 2046 daAuts
Vaults:1: 1991 daAuts
     D:7: 1726 daAuts
Vaults:2: 1579 daAuts
  Lair:4: 1506 daAuts
     D:6: 1491 daAuts
Vaults:4: 1320 daAuts
Spider:4: 1231 daAuts
     D:9: 1125 daAuts
  Lair:1: 1113 daAuts
     D:3: 1068 daAuts
 Swamp:3: 988 daAuts
